 Dungeon Crawl Stone Soup version 0.25-a0-603-g0321be95db (webtiles) character file.

Game seed: 4564078192231033606, levelgen mode: deterministic

94 Forro the Stinger (level 4, -7/30 HPs)
             Began as a Merfolk Venom Mage on Mar 16, 2020.
             Killed from afar by an orc wizard (10 damage)
             ... with a puff of flame
             ... on level 5 of the Dungeon.
             The game lasted 00:26:35 (1659 turns).

Forro the Stinger (Merfolk Venom Mage)              Turns: 1659, Time: 00:26:36

Health: -7/30      AC:  5    Str:  6    XL:     4   Next: 63%
Magic:  3/7        EV: 13    Int: 15    God:
Gold:   59         SH:  0    Dex: 14    Spells: 4/8 levels left

rFire    . . .     SeeInvis .     - Unarmed
rCold    + . .     Gourm    .   (no shield)
rNeg     . . .     Faith    .   b - +0 robe {MR+}
rPois    .         Spirit   .   (no helmet)
rElec    .         Reflect  .   a - +0 cloak
rCorr    .         Harm     .   (no gloves)
MR       +....                  (no boots)
Stlth    +.........             (no amulet)
HPRegen  0.10/turn              (no ring)
MPRegen  0.10/turn              (no ring)

@: confused, very slightly contaminated
A: change form in water, swift swim, stealthy swim, iridescent scales 1, cold
resistance 1, low mp 1, weak 1
a: no special abilities


You were on level 5 of the Dungeon.
You were hungry.

You visited 1 branch of the dungeon, and saw 5 of its levels.

You collected 59 gold pieces.

Inventory:

Armour
 a - a +0 cloak (worn)
 b - a +0 robe of magic resistance (worn)
Scrolls
 e - 3 scrolls of enchant weapon
 g - a scroll of fear
 i - a scroll of remove curse
Comestibles
 c - 3 rations
 h - 8 chunks of flesh


   Skills:
 + Level 3.0 Dodging
 + Level 2.5 Stealth
 + Level 1.0 Unarmed Combat
 + Level 2.6 Spellcasting
 + Level 3.3 Transmutations
 + Level 4.1 Poison Magic


You had 4 spell levels left.
You knew the following spells:

 Your Spells              Type           Power        Failure   Level  Hunger
a - Sting                 Tmut/Pois      ##..         4%          1    #......
b - Ignite Poison         Fire/Tmut/Pois #.......     22%         3    ###....

Your spell library contained the following spells:

 Spells                   Type           Power        Failure   Level  Hunger
 Poisonous Vapours        Pois/Air       #.....       14%         2    ###....
 Mephitic Cloud           Conj/Pois/Air  #.......     34%         3    ###....
 Olgreb's Toxic Radiance  Pois           ##......     36%         4    #####..


Dungeon Overview and Level Annotations

Branches:
Dungeon (6/15)
 Temple: D:4-7

Altars:


Innate Abilities, Weirdness & Mutations

You revert to your normal form in water.
You are very nimble and swift while swimming.
You are very stealthy in the water. (Stealth+)
You are partially covered in iridescent scales. (AC +2)
Your flesh is cold resistant. (rC+)
Your magical capacity is low. (-10% MP)
You are weak. (Str -2)


Message History

Aim: an orc wizard, wielding a +0 dagger and wearing a cursed -1 robe (heavily wounded, very poisoned)
You miscast Sting.
Nothing appears to happen.
The orc wizard hits you with a +0 dagger.
* * * LOW HITPOINT WARNING * * *
The orc wizard points at you and mumbles some strange words.
You resist with almost no effort.
Casting: Sting (safe; 4% risk of failure)
Confirm with . or Enter, or press ? or * to list all spells.
Aiming: Sting (safe; 4% risk of failure)
Press: ? - help, Shift-Dir - straight line, f/p - orc wizard
Aim: an orc wizard, wielding a +0 dagger and wearing a cursed -1 robe (severely wounded, poisoned)
The sting misses the orc wizard.
The orc wizard casts a spell at you.
You are confused.
The orc wizard closely misses you.
You bump into the rock wall.
The orc wizard hits you but does no damage.
The orc wizard points at you and mumbles some strange words.
The puff of flame hits you!
You die...

### #.#
#.##########
#Jo.@.......
#.##########
#.# #J# #.#
#.#######
#######........
#......%.######
#........#


You could see a jelly and an orc wizard.

Vanquished Creatures
  4 adders
  A shadow imp (D:5)
  2 worms (D:2)
  A dart slug (D:2)
  3 leopard geckos
  2 orcs
  3 bats
  4 giant cockroaches
  2 goblins (D:1)
  3 hobgoblins (D:2)
  2 jackals (D:3)
  4 kobolds
  3 frilled lizards
  6 rats
40 creatures vanquished.

Notes
Turn   | Place    | Note
-------+----------+-------------------------------------------
     0 | D:1      | Forro the Merfolk Venom Mage began the quest for the Orb.
     0 | D:1      | Reached XP level 1. HP: 13/13 MP: 3/3
   156 | D:1      | Reached XP level 2. HP: 13/19 MP: 3/5
   669 | D:2      | Reached XP level 3. HP: 16/24 MP: 0/6
   778 | D:2      | Learned a level 3 spell: Ignite Poison
   912 | D:2      | Reached skill level 4 in Poison Magic
  1460 | D:3      | Reached XP level 4. HP: 30/30 MP: 4/7
  1483 | D:3      | Reached skill level 1 in Unarmed Combat
  1485 | D:3      | Gained mutation: Your magical capacity is low. (-10% MP)
                  | [potion of mutation]
  1485 | D:3      | Gained mutation: You are weak. (Str -2) [potion of
                  | mutation]
  1485 | D:3      | Gained mutation: Your flesh is cold resistant. (rC+)
                  | [potion of mutation]
  1485 | D:3      | Gained mutation: You are partially covered in iridescent
                  | scales. (AC +2) [potion of mutation]
  1589 | D:3      | You fall into a shaft and drop 3 floors!
  1589 | D:6      | Noticed a centaur
  1611 | D:5      | Entered Level 5 of the Dungeon
  1619 | D:5      | Noticed an orc warrior
  1659 | D:5      | Killed from afar by an orc wizard

Levels and vault maps discovered:
D:1:      sevenhm_arrival_forest_fort_large_2, layout_basic,
          minmay_worlds_worst_comb
D:2:      layout_basic, serial_corexii_hall, corexii_hall_statues_i,
          corexii_hall_statues_i, first_ration, st_stairs_8,
          chequers_serial_rivers_small_3
D:3:      layout_basic, biasface_ghost_orc_armoury, uniq_purgy, uniq_sigmund
D:5:      layout_basic, kennysheep_little_box, temple_statues,
          uniq_prince_ribbit1, uniq_duvessa
D:6:      layout_cave_pools, lemuel_doored_altar, overflow_temple_1_default,
          lemuel_round_altar, kennysheep_crisscross, grunt_dithmenos_shadows,
          uniq_edmund

Skill      XL: |  1  2  3  4 |
---------------+-------------+-----
Dodging        | 3 |  3.0
Transmutations | 3 |  3.3
Poison Magic   | 4 |  4.1
Unarmed Combat | 1 |  1.0
Stealth        | |  2.5
Spellcasting   | |  2.6

Action                   |  1- 3 |  4- 6 || total
-------------------------+-------+-------++-------
Melee: Unarmed           |    27 |    25 ||    52
 Cast: Sting             |    44 |    22 ||    66
       Ignite Poison     |       |     1 ||     1
  Use: Scroll            |     6 |     4 ||    10
       Potion            |       |     6 ||     6
  Eat: Chunk             |     2 |     1 ||     3
Armor: Robe              |    13 |    21 ||    34
Dodge: Dodged            |    53 |    43 ||    96

Table legend:
 A = Non-vault XP
 B = Vault XP
 C = Vault XP percentage of total XP
 D = Non-vault monster count
 E = Vault monster count
 F = Vault count percentage of total count
                 A         B        C        D         E       F
            +---------+---------+-------+---------+---------+-------
      Total |     132 |       3 |   2.2 |      38 |       2 |   5.0
            +---------+---------+-------+---------+---------+-------
        D:1 |      17 |       0 |   0.0 |      10 |       0 |   0.0
        D:2 |      50 |       3 |   5.7 |      17 |       2 |  10.5
        D:3 |      48 |       0 |   0.0 |       8 |       0 |   0.0
        D:5 |      17 |       0 |   0.0 |       3 |       0 |   0.0
            +---------+---------+-------+---------+---------+-------
